 Dungeon Crawl Stone Soup version 0.32-a0-18-g89e19f1974 (webtiles) character file.

Game seed: 234874042443578750

214940 Bnni the Hermetic (level 19, -1/122 HPs)
             Began as an Octopode Alchemist on Jan 16, 2024.
             Was an Initiate of Gozag.
             Hit by a silver javelin thrown by a merfolk javelineer (2 damage)
             ... on level 4 of the Shoals.
             The game lasted 02:07:13 (43140 turns).

Bnni the Hermetic (Octopode Alchemist)             Turns: 43140, Time: 02:07:15

Health: -1/122     AC:  5    Str: 15    XL:     19   Next: 1%
Magic:  27/35      EV: 29    Int: 23    God:    Gozag
Gold:   2955       SH:  8    Dex: 15    Spells: 2/43 levels left

rFire   + . .        U - +8 trishula "Condemnation" {holy, anguish, *Noise Fly rN+}
rCold   . . .        l - +2 buckler of the Nightingale {rN+++ Str+6 Stlth-}
rNeg    + + +        (helmet restricted)
rPois   +            P - amulet of magic regeneration
rElec   +            p - +5 ring of evasion
rCorr   +            r - ring of protection from fire
SInv    .            J - +4 ring of protection
Will    +....        y - ring of fire
Stlth   +++          Z - +5 ring of evasion
HPRegen 0.40/turn    S - ring of resist corrosion
MPRegen 0.64/turn    u - ring of poison resistance
                     Q - ring "Soan" {Ice rElec Dex+2}

%: no passive effects
@: flying
A: almost no armour, amphibious, 8 rings, camouflage 1, gelatinous body 1,
nimble swimmer 1, tentacles, frail 1, screaming 1
}: 1/15 runes: gossamer
a: Renounce Religion, Potion Petition, Call Merchant, Bribe Branch


You were on level 4 of the Shoals.
You worshipped Gozag.
Gozag was most pleased with you.
You visited 6 branches of the dungeon, and saw 31 of its levels.
You also visited: Ossuary and Volcano.

You collected 12310 gold pieces.
You spent 2847 gold pieces at shops.
You paid 6508 gold pieces to Gozag.

Inventory:

Hand Weapons
 R - a +5 trident of protection
 U - the +8 trishula "Condemnation" (weapon) {holy, anguish, *Noise Fly rN+}
   (You found it on level 5 of the Lair of Beasts)

   rN+:       It protects you from negative energy.
   Fly:       It grants you flight.
   *Noise:    It may make a loud noise when swung.
Missiles
 M - a throwing net (quivered)
 T - 11 curare-tipped darts
Armour
 b - an orb of energy
 l - the +2 buckler of the Nightingale (worn) {rN+++ Str+6 Stlth-}
   (You acquired it on level 1 of the Spider Nest)

   Str+6:     It affects your strength (+6).
   rN+++:     It renders you almost immune to negative energy.
   Stlth-:    It makes you less stealthy.
Magical Staves
 V - a staff of alchemy
Jewellery
 j - a ring of magical power
 n - the ring of Dujuck {Fly rN+}
   (You acquired it on level 2 of the Orcish Mines)

   [ring of flight]

   rN+:       It protects you from negative energy.
   Fly:       It grants you flight.
 p - a +5 ring of evasion (left tentacle)
 r - a ring of protection from fire (right tentacle)
 u - a ring of poison resistance (on tentacle)
 v - a ring of see invisible
 x - a ring of protection from cold
 y - a ring of fire (on tentacle)
 J - a +4 ring of protection (on tentacle)
 P - an amulet of magic regeneration (around mantle)
 Q - the ring "Soan" (on tentacle) {Ice rElec Dex+2}
   (You found it on level 2 of the Shoals)

   [ring of ice]

   Ice:       It enhances your ice magic.
   Dex+2:     It affects your dexterity (+2).
   rF-:       It makes you vulnerable to fire.
   rC+:       It protects you from cold.
   rElec:     It insulates you from electricity.
 S - a ring of resist corrosion (on tentacle)
 W - a ring of willpower
 Y - a ring of protection from fire
 Z - a +5 ring of evasion (on tentacle)
Wands
 o - a wand of acid (24)
 D - a wand of digging (4)
 O - a wand of iceblast (22)
Scrolls
 c - 11 scrolls of teleportation
 d - 6 scrolls of amnesia
 f - 4 scrolls of enchant weapon
 h - 4 scrolls of blinking
 m - 7 scrolls of poison
 t - 4 scrolls of enchant armour
 B - 5 scrolls of revelation
 C - 8 scrolls of immolation
 E - 5 scrolls of fog
 F - a scroll of butterflies
 N - 3 scrolls of fear
 X - a scroll of brand weapon
Potions
 a - 3 potions of magic
 e - 5 potions of curing
 g - 3 potions of might
 i - 14 potions of brilliance
 k - 3 potions of haste
 q - 3 potions of mutation
 s - a potion of resistance
 w - 6 potions of ambrosia
 z - 2 potions of heal wounds
 A - 2 potions of enlightenment
 G - a potion of invisibility
 H - 2 potions of lignification
 I - 8 potions of cancellation
 K - 6 potions of attraction
 L - 2 potions of berserk rage


   Skills:
 + Level 14.0 Fighting
 * Level 5.9 Polearms
 + Level 13.1 Dodging
 - Level 2.6 Stealth
 - Level 9.1 Shields
 + Level 12.8 Spellcasting
 - Level 10.0 Conjurations
 - Level 4.0 Hexes
 - Level 2.0 Fire Magic
 * Level 10.0 Ice Magic
 + Level 19.6 Alchemy


You had 2 spell levels left.
You knew the following spells:

 Your Spells              Type           Power      Damage    Failure   Level
a - Ignite Poison         Fire/Alch      77%        N/A       1%          4
b - Mercury Vapours       Alch/Air       100%       N/A       1%          2
c - Mephitic Cloud        Conj/Alch/Air  56%        N/A       1%          3
d - Olgreb's Toxic Radia  Alch           81%        N/A       0%          4
e - Freezing Cloud        Conj/Ice/Air   31%        6-21      10%         5
f - Sticky Flame          Fire/Alch      77%        2d12      1%          4
g - Eringya's Noxious Bo  Alch           40%        4d6       1%          6
i - Irradiate             Conj/Alch      35%        3d23      1%          5
j - Yara's Violent Unrav  Hex/Alch       31%        3d13      1%          5
o - Ozocubu's Armour      Ice            75%        N/A       1%          3

Your spell library contained the following spells:

 Spells                   Type           Power      Damage    Failure   Level
 Sting                    Conj/Alch      100%       1d9       0%          1
 Shock                    Conj/Air       100%       1d9       1%          1
 Cigotuvi's Dreadful Rot  Necr/Alch/Air  88%        N/A       1%          2
 Jinxbite                 Hex            66%        N/A       1%          2
 Call Imp                 Summ           28%        N/A       8%          2
 Sublimation of Blood     Necr           14%        N/A       8%          2
 Dazzling Flash           Conj/Hex       92%        N/A       1%          3
 Stone Arrow              Conj/Erth      74%        3d11      1%          3
 Summon Ice Beast         Ice/Summ       54%        N/A       1%          3
 Petrify                  Alch/Erth      56%        N/A       1%          4
 Cause Fear               Hex            16%        N/A       10%         4
 Volatile Blastmotes      Fire/Tloc      58%        2d14      11%         3
 Fireball                 Conj/Fire      29%        3d13      12%         5
 Fugue of the Fallen      Necr           14%        N/A       16%         3
 Gell's Gravitas          Tloc           14%        N/A       16%         3
 Swiftness                Air            14%        N/A       16%         3
 Teleport Other           Tloc           14%        N/A       16%         3
 Arcjolt                  Conj/Air       18%        1d28      19%         5
 Airstrike                Air            7%         2d(1-17)  45%         4
 Manifold Assault         Tloc           14%        N/A       45%         4
 Summon Lightning Spire   Summ/Air       14%        N/A       45%         4
 Vhi's Electric Charge    Tloc/Air       28%        N/A       45%         4
 Summon Mana Viper        Hex/Summ       23%        N/A       54%         5
 Starburst                Conj/Fire      29%        6d9       56%         6
 Ozocubu's Refrigeration  Ice            37%        4d15      56%         7
 Lee's Rapid Deconstruct  Erth           7%         3d6*      82%         5
 Summon Forest            Summ/Tloc      7%         N/A       82%         5
 Plasma Beam              Fire/Air       14%        2x1d25    99%         6
 Dispersal                Tloc           7%         N/A       100%        6
 Enfeeble                 Hex            16%        N/A       100%        7
 Haunt                    Necr/Summ      7%         N/A       100%        7
 Monstrous Menagerie      Summ           7%         N/A       100%        7
 Summon Hydra             Summ           7%         N/A       100%        7
 Discord                  Hex            16%        N/A       100%        8
 Disjunction              Tloc           7%         N/A       100%        8
 Infestation              Necr           7%         N/A       100%        8
 Lehudib's Crystal Spear  Conj/Erth      18%        10d6      100%        8
 Maxwell's Capacitive Co  Air            7%         ∞         100%        8
 Dragon's Call            Summ           7%         N/A       100%        9
 Animate Armour           Summ/Erth      Unusable   N/A       N/A         4
 Animate Dead             Necr           Unusable   N/A       N/A         4

Dungeon Overview and Level Annotations

Branches:
Dungeon (15/15)            Temple (1/1) D:4            Lair (5/5) D:8
 Shoals (4/4) Lair:3       Spider (4/4) Lair:2        Slime (0/5) Lair:4
    Orc (2/2) D:9             Elf (0/3) Orc:2        Vaults (0/5) D:13
 Depths (0/4) D:15        Ossuary (visited)         Volcano (visited)

Altars:
Ashenzari
Cheibriados
Dithmenos
Elyvilon
Fedhas
Gozag
Hepliaklqana
Kikubaaqudgha
Makhleb
Nemelex Xobeh
Okawaru
Qazlal
Ru
Sif Muna
Trog
Uskayaw
Vehumet
Wu Jian
Xom
Yredelemnul
Zin
The Shining One
Jiyva

Shops:
D:2 =   D:5 [   D:14 (??=?   Orc:1 [   Orc:2 *:[?*=   Lair:1 =   Lair:3 *=
Shoals:1 *   Shoals:2 [

Annotations:
D:8 3 runed translucent doors, lis82's ghost, novice DgIE
D:15 exclusion: orange crystal statue, Roxanne
Shoals:1 2 runed translucent doors, Cacuas's ghost, adept TeSu


Innate Abilities, Weirdness & Mutations

You cannot wear most types of armour.
You are amphibious.
You can wear up to eight rings at the same time.
Your skin changes colour to match your surroundings (Stealth+).
Your rubbery body absorbs attacks. (AC +1, EV +1)
You are camouflaged when in or above water. (Stealth+)
You have tentacles for arms and can constrict up to eight enemies at once.
You are frail. (-10% HP)
You occasionally shout uncontrollably at your foes.


Message History

You feel a surge of power!
The merfolk impaler is engulfed in freezing vapours.
Unknown command.
Casting: Freezing Cloud (dangerous; 10% risk of failure)
Confirm with . or Enter, or press ? or * to list all spells.
You feel a surge of power! A film of ice covers your body!
The merfolk impaler is engulfed in freezing vapours.
Casting: Ozocubu's Armour (safe; 1% risk of failure)
Confirm with . or Enter, or press ? or * to list all spells.
You begin to radiate toxic energy.
The merfolk impaler is poisoned.
The merfolk impaler looks even sicker.
The merfolk impaler is engulfed in freezing vapours.
Unknown command.
Casting: Olgreb's Toxic Radiance (safe; 0% risk of failure)
Confirm with . or Enter, or press ? or * to list all spells.
You feel a surge of power!
You ignite the poison in your surroundings!
The merfolk impaler seems to burn from within!!!
The merfolk impaler is almost dead.
The merfolk impaler is poisoned.
The merfolk impaler hits you from afar with a +2 trident of protection!!
* * * LOW HITPOINT WARNING * * *
The merfolk impaler closely misses you.
Unknown command.
Casting: Ignite Poison (mildly dangerous; 1% risk of failure)
Confirm with . or Enter, or press ? or * to list all spells.
Your toxic radiance grows in intensity.
The merfolk impaler looks even sicker.
You kill the merfolk impaler!
You hear a splash. x2
Unknown command.
Your icy armour cracks and falls away as you move.
You start resting.
Your toxic aura wanes.
You start resting.
The merfolk javelineer throws a silver javelin.
The silver javelin pierces through you!!
* * * LOW HITPOINT WARNING * * *
The silver sears you!
You die...
Your body crumbles into a pile of gold.

~~~~~P~~~~~≈~~..≈≈≈~~.
≈~~~~~~~~~~~~≈≈~...≈≈≈~P
≈≈≈≈~~~≈≈≈~~~~≈....~≈~..
≈≈~~≈≈~~~≈≈~~~~≈≈≈...~~~P.
≈≈≈~~≈≈≈≈~~~~~~~~~~~~~≈~≈~...~~~~
≈≈≈≈~P≈≈≈m≈≈~~~~~~~~~≈≈~~...~~P~~
≈≈≈≈≈≈~~~~~...~~~~~~~≈≈~~~~~~~~P~
≈≈~~~~~~~~~.##~~.~~~~~~~~~~~~~P~P
~~~~~~~~~~....~~@~~~~~~~~~~~≈≈≈≈≈
~~~~~~~~.....~~~~~~.~~~~~~~≈≈≈≈≈≈
~~~~~~~.....~$~~~~~~.....~~~~~~≈≈
P~~~~~..~~...~~~~~~.......~~~~~≈≈
~~~~~~~~~~...~~~~~~........~~~~≈≈
..#####~~..##.~~..~.........~~~~~
.##m..##~...##................~~~
.#mm...#~...................##.~~
$'$mφ..#~~~...~~~~..####....P##≈≈


You could see a merfolk javelineer.

Vanquished Creatures
  Bai Suzhen (Spider:3)
  Saint Roka (Orc:2)
  Kirke (Shoals:1)
  5 emperor scorpions
  3 ghost moths (Spider:4)
  An ironbound preserver (D:12)
  2 orc warlords
  A stone giant (Volcano)
  A very ugly thing (D:14)
  2 broodmothers (Spider:4)
  Nessos (D:15)
  5 spark wasps
  6 merfolk javelineers
  Snorg (Orc:2)
  A fire dragon (D:14)
  9 entropy weavers
  7 merfolk impalers
  A great orb of eyes (D:15)
  5 merfolk avatars
  3 hydras
  An ogre mage (D:15)
  4 catoblepae
  An alligator snapping turtle (Shoals:4)
  7 centaur warriors
  3 radroaches
  5 two-headed ogres
  4 boulder beetles
  A death scarab (Spider:1)
  5 merfolk aquamancers (Shoals:4)
  A tengu warrior (D:15)
  2 orc high priests (Orc:2)
  10 demonic crawlers
  10 death yaks
  Sonja (Lair:4)
  An occultist (D:14)
  4 skysharks (Shoals:1)
  4 pharaoh ants
  10 sea snakes
  An obsidian statue (D:12)
  11 orb spiders
  4 steelbarb worms
  6 deep elf pyromancers
  Pikel (D:4)
  An orc knight (D:15)
  19 wolf spiders
  An oklob plant (Lair:3)
  6 fauns (Shoals:1)
  8 harpies
  15 manticores
  5 orc sorcerers
  4 cyclopes
  Maurice (Orc:2)
  10 meliai
  2 moths of wrath
  11 ugly things
  11 elephants
  5 black mambas
  8 water nymphs
  A kobold blastminer (D:12)
  5 torpor snails
  12 merfolk sirens
  2 gargoyles
  10 cane toads
  2 freezing wraiths (D:15)
  10 komodo dragons
  3 kobold demonologists
  4 rime drakes
  Psyche (D:8)
  4 efreet
  A yaktaur (shapeshifter) (D:15)
  9 trolls
  26 merfolk
  4 wind drakes
  A polar bear (Lair:3)
  17 tarantellas
  7 snapping turtles
  4 hornets (Spider:4)
  Grinder (D:3)
  14 blink frogs
  3 dream sheep (Shoals:1)
  18 slime creatures
  29 jumping spiders
  19 culicivoras
  A snapping turtle (shapeshifter) (D:15)
  3 vampires
  8 water elementals
  Sigmund (D:3)
  2 shadows
  3 wraiths
  8 wyverns
  A hog (Shoals:1)
  2 fire elementals (Volcano)
  2 humans (Shoals:1)
  66 yaks
  3 wargs
  60 redbacks
  7 vampire mosquitoes (D:12)
  3 basilisks
  2 steam dragons
  Edmund (D:4)
  A swamp worm (D:8)
  17 water moccasins
  A water moccasin (shapeshifter) (D:15)
  3 acid dragons (D:10)
  An ice beast (D:6)
  A black bear (Lair:1)
  25 orc warriors
  4 sky beasts
  28 centaurs
  5 ogres
  5 boggarts (D:15)
  The ghost of ciphuk the Shooter, an amateur TeHu (D:3)
  3 lemures (D:4)
  8 kobold brigands
  6 elf zombies (Ossuary)
  Blork the orc (D:6)
  3 earth elementals (Volcano)
  20 bullfrogs
  4 gnoll sergeants
  2 scorpions
  A wight (D:10)
  4 killer bees
  2 vampire bats (Lair:3)
  5 howler monkeys
  4 electric eels
  4 bombardier beetles
  2 crimson imps
  3 centaur zombies (Ossuary)
  A quasit (D:12)
  4 hounds
  2 jellies
  36 orc priests
  Crazy Yiuf (D:2)
  2 gnoll boudas (D:6)
  2 human zombies (Ossuary)
  An iron imp (D:12)
  A sleepcap (D:5)
  Jessica (D:2)
  4 iguanas
  Ijyb (D:3)
  Natasha (thrice) (D:3)
  48 orc wizards
  Terence (D:3)
  A scorpion simulacrum (D:3)
  3 mummies (Ossuary)
  26 gnolls
  7 adders
  3 shadow imps (D:12)
  A white imp (D:7)
  2 ufetubi (D:6)
  3 dart slugs
  A ribbon worm (D:4)
  An adder simulacrum (D:3)
  77 orcs
  8 ball pythons
  12 bats
  4 endoplasms
  4 giant cockroaches
  9 goblins
  8 hobgoblins
  20 kobolds
  2 quokkas
  A ball python simulacrum (D:3)
  A frilled lizard (D:1)
  2 quokka simulacra (D:3)
  3 rats
1112 creatures vanquished.

Vanquished Creatures (collateral kills)
  A centaur warrior (D:14)
1 creature vanquished.

Vanquished Creatures (others)
  A merfolk aquamancer (Shoals:4)
  A sea snake (Shoals:4)
  2 skysharks (Shoals:3)
  4 harpies
  A cyclops (D:14)
  2 manticores (Shoals:2)
  An elephant (Lair:5)
  A merfolk (Shoals:3)
  2 snapping turtles
  3 slime creatures (D:14)
  3 humans (Shoals:1)
  A centaur (D:13)
  An orc priest (D:8)
23 creatures vanquished.

Grand Total: 1136 creatures vanquished

Notes
Turn   | Place    | Note
-------+----------+-------------------------------------------
     0 | D:1      | Bnni the Octopode Alchemist began the quest for the Orb.
     0 | D:1      | Reached XP level 1. HP: 11/11 MP: 3/3
   137 | D:1      | Reached XP level 2. HP: 18/18 MP: 3/5
   142 | D:1      | Learned a level 2 spell: Mercury Vapours
   481 | D:1      | Reached skill level 1 in Fighting
   596 | D:1      | Reached XP level 3. HP: 23/23 MP: 6/6
   757 | D:2      | Noticed Jessica
   763 | D:2      | Killed Jessica
   764 | D:2      | Reached skill level 1 in Shields
   764 | D:2      | Reached skill level 4 in Alchemy
   852 | D:2      | Found Veomoyjahy's Jewellery Boutique.
   958 | D:2      | Reached XP level 4. HP: 28/28 MP: 5/7
  1005 | D:2      | Learned a level 4 spell: Olgreb's Toxic Radiance
  1430 | D:2      | Reached XP level 5. HP: 19/33 MP: 3/9
  1663 | D:2      | Found a runed translucent door.
  1664 | D:2      | Noticed Crazy Yiuf
  1681 | D:2      | Killed Crazy Yiuf
  1944 | D:3      | Reached skill level 5 in Alchemy
  1944 | D:3      | Reached XP level 6. HP: 37/39 MP: 7/10
  1948 | D:3      | Learned a level 3 spell: Mephitic Cloud
  2058 | D:3      | Noticed Grinder
  2067 | D:3      | Killed Grinder
  2068 | D:3      | Reached XP level 7. HP: 32/45 MP: 11/11
  2132 | D:3      | Found a runed translucent gate.
  2132 | D:3      | Found a runed translucent gate.
  2132 | D:3      | Found a runed translucent gate.
  2135 | D:3      | Noticed Sigmund
  2153 | D:3      | Killed Sigmund
  2206 | D:3      | Noticed Terence
  2215 | D:3      | Killed Terence
  2216 | D:3      | Reached skill level 6 in Alchemy
  2216 | D:3      | Noticed Natasha
  2285 | D:3      | Killed Natasha
  2375 | D:3      | Found a faded altar of an unknown god.
  2429 | D:3      | Noticed Ijyb
  2435 | D:3      | Killed Ijyb
  2553 | D:3      | Noticed ciphuk's ghost (amateur TeHu)
  2566 | D:3      | Noticed Natasha
  2575 | D:3      | Killed Natasha
  2968 | D:3      | Noticed Natasha
  2975 | D:3      | Killed Natasha
  3333 | D:3      | Killed ciphuk's ghost
  3448 | D:3      | Reached XP level 8. HP: 48/52 MP: 9/13
  3605 | D:4      | Noticed Edmund
  3619 | D:4      | Killed Edmund
  3620 | D:4      | Reached skill level 5 in Shields
  3620 | D:4      | Reached skill level 7 in Alchemy
  3718 | D:4      | Noticed Pikel
  3746 | D:4      | Killed Pikel
  3747 | D:4      | Reached skill level 8 in Alchemy
  3891 | D:4      | Found a burning altar of Makhleb.
  3986 | D:4      | Found a staircase to the Ecumenical Temple.
  3996 | Temple   | Entered the Ecumenical Temple
  4162 | D:4      | Found an opulent altar of Gozag.
  4170 | D:4      | Became a worshipper of Gozag Ym Sagoz the Greedy
  4332 | D:4      | Learned a level 4 spell: Sticky Flame
  4333 | D:5      | Entered Level 5 of the Dungeon
  4390 | D:5      | Found a sand-covered staircase.
  4399 | Ossuary  | Entered an ossuary
  4460 | Ossuary  | Reached XP level 9. HP: 55/59 MP: 16/16
  4466 | Ossuary  | Reached skill level 1 in Fire Magic
  4595 | Ossuary  | Reached skill level 5 in Fighting
  4605 | Ossuary  | Reached skill level 5 in Spellcasting
  4743 | D:5      | Reached skill level 9 in Alchemy
  4798 | D:5      | Found a stormy altar of Qazlal.
  4969 | D:5      | Found Nejocwoo's Antique Armour Shop.
  5175 | D:5      | Found a shadowy altar of Dithmenos.
  5439 | D:5      | Reached skill level 1 in Hexes
  5515 | D:5      | Found a basalt altar of Yredelemnul.
  5934 | D:6      | Learned a level 5 spell: Yara's Violent Unravelling
  6186 | D:6      | Noticed Blork the orc
  6191 | D:6      | Reached XP level 10. HP: 62/68 MP: 9/18
  6192 | D:6      | Killed Blork the orc
  6193 | D:6      | Reached skill level 10 in Alchemy
  7215 | D:7      | Identified the +4 quarterstaff "Miov" {spect, ^Contam Str+6
                  | Dex+3 Stlth-}
  7238 | D:7      | Found a hazy altar of Hepliaklqana.
  7321 | D:8      | Noticed Psyche
  7332 | D:8      | Killed Psyche
  7890 | D:8      | Found a staircase to the Lair.
  7915 | D:8      | Found a runed translucent gate.
  7915 | D:8      | Found a runed translucent gate.
  7915 | D:8      | Found a runed translucent gate.
  7923 | D:8      | Noticed lis82's ghost (novice DgIE)
  8362 | D:8      | Found a viscous altar of Jiyva.
  8776 | D:9      | Reached skill level 11 in Alchemy
  8886 | D:9      | Found a staircase to the Orcish Mines.
  9519 | D:2      | Bought a ring of magical power for 260 gold pieces
  9519 | D:2      | Bought a ring of see invisible for 195 gold pieces
  9519 | D:2      | Bought an amulet of magic regeneration for 390 gold pieces
  9519 | D:2      | Bought a ring of resist corrosion for 260 gold pieces
  9681 | D:10     | Entered Level 10 of the Dungeon
  9709 | D:10     | Found a glowing silver altar of Zin.
  9748 | D:10     | Noticed a deep elf pyromancer
  9756 | D:10     | Reached XP level 11. HP: 74/74 MP: 20/20
  9760 | D:10     | Killed a deep elf pyromancer
 10003 | D:10     | Reached skill level 5 in Dodging
 10174 | D:10     | Noticed a two-headed ogre
 10192 | D:10     | Killed a two-headed ogre
 10352 | D:10     | Noticed a deep elf pyromancer
 10367 | D:10     | Killed a deep elf pyromancer
 10368 | D:10     | Reached skill level 5 in Conjurations
 10508 | D:10     | Learned a level 5 spell: Irradiate
 10864 | D:10     | Noticed a two-headed ogre
 10879 | D:10     | Killed a two-headed ogre
 10880 | D:10     | Reached skill level 12 in Alchemy
 11148 | D:10     | Noticed a manticore
 11158 | D:10     | Killed a manticore
 11513 | D:11     | You fall into a shaft and drop 3 floors!
 11513 | D:14     | Found Ygones's Magic Scroll Shoppe.
 11513 | D:14     | Found Uselupuz's Magic Scroll Boutique.
 11513 | D:14     | Found Monom's Jewellery Shop.
 11513 | D:14     | Found Bej Vao's Weapon Emporium.
 11519 | D:14     | Bought a scroll of identify for 22 gold pieces
 11519 | D:14     | Bought a scroll of identify for 22 gold pieces
 11519 | D:14     | Bought a scroll of identify for 22 gold pieces
 11532 | D:14     | Bought a scroll of identify for 32 gold pieces
 11534 | D:14     | Found Rootin's Magic Scroll Boutique.
 11539 | D:14     | Bought 4 curare-tipped darts for 72 gold pieces
 11545 | D:14     | Noticed a fire dragon
 11555 | D:14     | Bought a scroll of blinking for 142 gold pieces
 11555 | D:14     | Bought a scroll of revelation for 142 gold pieces
 11555 | D:14     | Bought a scroll of identify for 38 gold pieces
 11571 | D:14     | Reached XP level 12. HP: 54/82 MP: 23/23
 11664 | D:14     | Noticed a boulder beetle
 11762 | D:13     | Noticed a centaur warrior
 11763 | D:13     | Noticed a centaur warrior
 11790 | D:13     | Killed a centaur warrior
 11791 | D:13     | Killed a centaur warrior
 12125 | D:13     | Noticed an ironbound preserver
 12151 | D:12     | Killed an ironbound preserver
 12211 | D:12     | Reached skill level 13 in Alchemy
 12360 | D:12     | Noticed a boulder beetle
 12371 | D:12     | Killed a boulder beetle
 12519 | D:12     | Noticed a two-headed ogre
 12529 | D:12     | Killed a two-headed ogre
 13129 | D:11     | Noticed a boulder beetle
 13145 | D:11     | Killed a boulder beetle
 13173 | D:11     | Reached XP level 13. HP: 69/90 MP: 25/25
 13302 | D:11     | Found a snail-covered altar of Cheibriados.
 13416 | D:11     | Reached skill level 14 in Alchemy
 15704 | D:13     | Noticed an entropy weaver
 15714 | D:13     | Killed an entropy weaver
 15893 | D:13     | Found a gate to the Vaults.
 16738 | D:14     | Reached skill level 15 in Alchemy
 16758 | D:14     | Killed a fire dragon
 17151 | D:14     | Found a glowing silver altar of Zin.
 17151 | D:14     | Found a glowing golden altar of the Shining One.
 17152 | D:14     | Found a white marble altar of Elyvilon.
 17744 | Lair:1   | Entered Level 1 of the Lair of Beasts
 17752 | Lair:1   | Reached skill level 10 in Fighting
 17922 | Lair:1   | Reached XP level 14. HP: 99/99 MP: 27/27
 19116 | Lair:1   | Bought a ring of poison resistance for 220 gold pieces
 19560 | Lair:2   | Found a hole to the Spider Nest.
 20750 | Lair:2   | Identified a scroll of acquirement
 20934 | Lair:3   | Reached skill level 16 in Alchemy
 21402 | Lair:3   | Found a staircase to the Shoals.
 22092 | Lair:4   | Reached skill level 10 in Spellcasting
 22943 | Lair:4   | Noticed Sonja
 22949 | Lair:4   | Killed Sonja
 22950 | Lair:4   | Reached XP level 15. HP: 105/105 MP: 27/29
 23265 | Lair:4   | Found a staircase to the Slime Pits.
 23265 | Lair:4   | Found a viscous altar of Jiyva.
 23431 | Lair:5   | Entered Level 5 of the Lair of Beasts
 24089 | Lair:5   | Reached skill level 10 in Dodging
 24356 | Lair:5   | Reached skill level 17 in Alchemy
 24607 | Lair:5   | Found the +8 trishula "Condemnation" {holy, anguish, *Noise
                  | Fly rN+}
 24615 | Lair:5   | Identified the amulet "Voenumib" {Reflect Dex+3 SH+5}
 24766 | Lair:5   | Reached skill level 10 in Conjurations
 25549 | Orc:1    | Entered Level 1 of the Orcish Mines
 25557 | Orc:1    | Noticed an orc warlord
 25558 | Orc:1    | Noticed an orc warlord
 25572 | D:9      | Killed an orc warlord
 25682 | Orc:1    | Killed an orc warlord
 25868 | Orc:2    | Entered Level 2 of the Orcish Mines
 25874 | Orc:2    | Noticed Saint Roka
 25892 | Orc:2    | Killed Saint Roka
 26124 | Orc:2    | Found a dark tunnel.
 26134 | Volcano  | Entered a volcano
 26811 | Orc:2    | Found Caarucir's Armour Shop.
 26811 | Orc:2    | Found Wankuips's Jewellery Boutique.
 26811 | Orc:2    | Found Suaqom's Assorted Antiques.
 26814 | Orc:2    | Found Plog's Magic Scroll Shop.
 26893 | Orc:2    | Bought a scroll labelled FIJUIDGH OCIM for 32 gold pieces
 26895 | Orc:2    | Bought a scroll of fog for 44 gold pieces
 26895 | Orc:2    | Bought a scroll of identify for 22 gold pieces
 26895 | Orc:2    | Bought a scroll of identify for 22 gold pieces
 27144 | Orc:2    | Noticed Maurice
 27149 | Orc:2    | Noticed Snorg
 27152 | Orc:2    | Killed Maurice
 27161 | Orc:2    | Killed Snorg
 27325 | Orc:2    | Found a staircase to the Elven Halls.
 27337 | Orc:2    | Found Doneb's Overcharged Wands.
 27926 | Orc:2    | Bought a Trismegistus Codex for 364 gold pieces
 27926 | Orc:2    | Bought a Fen Folio for 546 gold pieces
 27933 | Orc:2    | Learned a level 6 spell: Eringya's Noxious Bog
 27938 | Orc:2    | Learned a level 4 spell: Ignite Poison
 27939 | Orc:2    | Acquired the ring of Dujuck {Fly rN+}
 28096 | D:15     | Entered Level 15 of the Dungeon
 28482 | D:15     | Noticed Roxanne
 28493 | D:15     | Reached XP level 16. HP: 98/114 MP: 27/30
 28585 | D:15     | HP: 3/114 [Roxanne/iron shot (51)]
 29413 | D:15     | Reached skill level 18 in Alchemy
 29655 | D:15     | Noticed Nessos
 29661 | D:15     | Killed Nessos
 29891 | D:15     | Found a runed translucent door.
 30073 | D:15     | Found a staircase to the Depths.
 30450 | Spider:1 | Entered Level 1 of the Spider Nest
 30787 | Spider:1 | Acquired the +2 buckler of the Nightingale {rN+++ Str+6
                  | Stlth-}
 31028 | Spider:1 | Reached skill level 1 in Ice Magic
 32952 | Spider:3 | Reached XP level 17. HP: 99/121 MP: 29/32
 33271 | Spider:3 | Learned a level 5 spell: Freezing Cloud
 33657 | Spider:3 | Noticed Bai Suzhen
 33669 | Spider:3 | HP: 6/121 [Bai Suzhen] (44)]
 34001 | Spider:3 | Gained mutation: You occasionally shout uncontrollably at
                  | your foes. [mutagenic glow]
 34005 | Spider:3 | Killed Bai Suzhen
 34006 | Spider:3 | Reached skill level 5 in Ice Magic
 34033 | Spider:3 | Gained mutation: You are frail. (-10% HP) [mutagenic glow]
 35042 | Spider:4 | Entered Level 4 of the Spider Nest
 35665 | Spider:4 | Reached skill level 19 in Alchemy
 36896 | Spider:4 | Got a gossamer rune of Zot
 36901 | Spider:4 | Identified the +0 pair of boots of Netz {rElec rN++ Int+3
                  | Slay-2}
 37093 | Shoals:1 | Entered Level 1 of the Shoals
 37102 | Shoals:1 | Reached skill level 1 in Polearms
 37110 | Shoals:1 | Reached XP level 18. HP: 53/115 MP: 28/34
 37355 | Shoals:1 | Noticed Kirke
 37365 | Shoals:1 | Killed Kirke
 37617 | Shoals:1 | Found a large runed translucent door.
 37617 | Shoals:1 | Found a large runed translucent door.
 37673 | Shoals:1 | Noticed Cacuas's ghost (adept TeSu)
 38758 | Shoals:2 | Found Foewkat's Armour Boutique.
 39241 | Shoals:2 | Identified the ring "Soan" {Ice rElec Dex+2}
 39768 | Shoals:2 | Learned a level 3 spell: Ozocubu's Armour
 40337 | Shoals:3 | HP: 5/117 [harpy (15)]
 41461 | Shoals:4 | Entered Level 4 of the Shoals
 41945 | Shoals:4 | Reached skill level 5 in Polearms
 42382 | Shoals:4 | Identified the +6 mace "Hiogyff" {drain, Int+2}
 43078 | Shoals:4 | Reached skill level 10 in Ice Magic
 43086 | Shoals:4 | HP: 1/117 [merfolk javelineer/javelin (14)]
 43089 | Shoals:4 | Reached XP level 19. HP: 20/122 MP: 17/35
 43140 | Shoals:4 | HP: 1/122 [merfolk javelineer/silver javelin (20)]
 43140 | Shoals:4 | Hit by a silver javelin thrown by a merfolk javelineer

Illustrated notes

Levels and vault maps discovered:
D:1:      minmay_arrival_shattered_statue, layout_loops_ring, nrook_campfire,
          bh_walls_and_bars
D:2:      layout_loops_ring, serial_shops, shop, minmay_shallow_snake_nest,
          uniq_jessica, uniq_crazy_yiuf_cottage
D:3:      layout_loops_corners, shapermc_ecumenical_altar_gd,
          gammafunk_ghost_icy, uniq_natasha, uniq_sigmund, uniq_grinder,
          uniq_ijyb, uniq_terence
D:4:      layout_cave_pools, lemuel_coloured_pillars_altar,
          mainiacjoe_overflow_small_starburst, minmay_temple_entry_stoned_glass,
          uniq_pikel, uniq_edmund
D:5:      layout_cave_pods, mainiacjoe_overflow_surrounded_room,
          mainiacjoe_overflow_tiny_flanked, nicolae_qazlal_beasts_of_the_sky,
          chequers_ossuary_entry_cave, serial_shops,
          nicolae_shop_just_a_little_nook
D:6:      layout_basic, uniq_blork_the_orc
D:7:      layout_rooms, mainiacjoe_overflow_six_doors_small
D:8:      layout_basic, lair_entry_dummy, gammafunk_ghost_ooze, worms_lemuel,
          uniq_psyche
D:9:      layout_loops_cross, hiddenorc1_lemuel, kennysheep_decorative_pillar
D:10:     minmay_the_grid_octo_tiled_squarecenter
          [minmay_the_grid_octo_pinwheel, minmay_the_grid_octo_odd_swirl,
          minmay_the_grid_octo_empty, minmay_the_grid_octo_thin_diamonds,
          minmay_the_grid_square_5x5_megaprize_hollow,
          minmay_the_grid_square_5x5_plus, minmay_the_grid_square_5x5_eight,
          minmay_the_grid_square_5x5_inset, minmay_the_grid_square_5x5_z],
          layout_stronghold, mainiacjoe_overflow_chevrons, serial_glass,
          glass_columns_b, glass_columns_a, statue_in_the_mist_lemuel,
          mrwooster_statue_mirror
D:11:     layout_basic, slow_altar_1
D:12:     kennysheep_kobold_grotto, layout_basic, serial_bayou_pond_c,
          kennysheep_generic_room_3
D:13:     layout_basic, hellmonk_vaults_order_and_chaos,
          nicolae_twisty_statue_hallways
D:14:     layout_big_octagon, good_gods_mini_temple,
          nicolae_shop_national_dungeon_mall, lightli_wizard_tower
D:15:     gammafunk_enter_depths_forms, layout_basic,
          serial_library_regret_index_multi, minmay_crystal_box, uniq_roxanne,
          uniq_nessos
Temple:   nicolae_temple_superstar
Lair:1:   layout_regular_city
Lair:2:   layout_layer_cave, spider_nest_entry_web_field,
          amcnicky_mini_pool_medium, grunt_megastairs_3, lemuel_fruit_fields
Lair:3:   layout_loops_ring, elwin_shoals_entry_rocks, roderic_batcave,
          grunt_megastairs_5, infiniplex_staircase_pool_2
Lair:4:   layout_cave_pods, slime_entry_1, infiniplex_staircase_pool, uniq_sonja
Lair:5:   evilmike_catoblepas_cave, layout_loops_ring
Shoals:1: layout_shoals, ebering_ghost_disaster_area, uniq_kirke
Shoals:2: layout_shoals, serial_shops, shop
Shoals:3: layout_shoals, nicolae_shoals_hunting_party
Shoals:4: shoals_end_simple, layout_shoals, nicolae_shoals_secluded_bog
Spider:1: layout_spider_delve, drop_trap, nicolae_spider_bug_shape
Spider:2: layout_spider_delve, nicolae_spider_some_kinda_spiderbox
Spider:3: layout_spider_delve, nicolae_spider_orb_run, uniq_bai_suzhen
Spider:4: spider_rune_water
Orc:1:    layout_caves
Orc:2:    st_orc_mages, layout_caves, enter_volcano_4,
          nicolae_shop_overcharged_wands, uniq_snorg, uniq_saint_roka,
          uniq_maurice

Skill      XL: |  1  2  3  4  5  6  7  8  9 10 11 12 13 14 15 16 17 18 |
---------------+-------------------------------------------------------+-----
Fighting       | 1 2 3 4 5 6 7 8 10 11 12 13 14 | 14.0
Shields        | 1 2 3 4 5 7 9 |  9.1
Alchemy        | 4 5 6 8 9 11 12 13 15 16 17 18 19 | 19.6
Spellcasting   | 3 4 5 6 7 8 9 10 11 12 | 12.8
Fire Magic     | 2 |  2.0
Hexes          | 1 3 4 |  4.0
Dodging        | 3 4 6 7 8 9 10 11 12 13 | 13.1
Conjurations   | 3 6 7 8 9 10 | 10.0
Ice Magic      | 4 8 10 | 10.0
Polearms       | 1 5 |  5.9
Stealth        | |  2.6

Action                     |  1- 3 |  4- 6 |  7- 9 | 10-12 | 13-15 | 16-18 | 19-21 || total
---------------------------+-------+-------+-------+-------+-------+-------+-------++-------
  Melee: Short sword       |    27 |    49 |    93 |       |       |       |       ||   169
         Tentacles         |     3 |     7 |    60 |    87 |   169 |   132 |       ||   458
         Unarmed           |     2 |       |       |       |       |       |       ||     2
         Constrict         |     7 |    10 |    51 |    30 |    75 |    88 |       ||   261
         Punch             |       |       |     5 |     8 |     6 |     5 |       ||    24
         Flail             |       |       |   123 |    45 |       |       |       ||   168
         Trident           |       |       |       |   308 |   625 |   333 |       ||  1266
         Trishula          |       |       |       |       |     8 |   160 |       ||   168
  Throw: Dart              |       |       |       |       |     1 |       |       ||     1
         Throwing net      |       |       |       |       |       |     3 |       ||     3
   Cast: Sting             |    14 |    21 |    50 |    20 |    24 |       |       ||   129
         Olgreb's Toxic Ra |       |     2 |    21 |    73 |   131 |   218 |     2 ||   447
         Mercury Vapours   |       |       |     3 |     4 |     2 |       |       ||     9
         Sticky Flame      |       |       |     4 |    29 |    70 |    42 |       ||   145
         Mephitic Cloud    |       |       |       |    11 |    12 |    14 |     1 ||    38
         Irradiate         |       |       |       |    10 |    41 |    40 |       ||    91
         Yara's Violent Un |       |       |       |     3 |    23 |     7 |       ||    33
         Ignite Poison     |       |       |       |       |       |   111 |     1 ||   112
         Eringya's Noxious |       |       |       |       |       |    26 |       ||    26
         Freezing Cloud    |       |       |       |       |       |    21 |     1 ||    22
         Ozocubu's Armour  |       |       |       |       |       |     3 |     1 ||     4
 Invoke: Potion Petition   |       |       |       |       |     5 |       |       ||     5
         Call Merchant     |       |       |       |       |     3 |     3 |       ||     6
  Evoke: Wand              |       |       |       |     3 |     8 |     2 |       ||    13
    Use: Scroll            |       |       |       |    16 |    16 |    10 |       ||    42
         Potion            |       |       |       |     4 |     4 |    10 |       ||    18
   Stab: Sleeping          |     5 |     6 |     8 |     6 |    16 |     1 |       ||    42
         Distracted        |       |       |     1 |     4 |    10 |     4 |       ||    19
         Confused          |       |       |       |     2 |     1 |       |       ||     3
         Petrified         |       |       |       |       |     6 |       |       ||     6
 Armour: Skin              |    11 |    19 |    98 |   150 |   359 |   369 |     2 ||  1008
  Dodge: Dodged            |    10 |    36 |   161 |   299 |   623 |   611 |     1 ||  1741
  Block: Buckler           |       |     4 |    59 |   106 |   172 |   202 |       ||   543
         Kite shield       |       |       |       |       |   118 |    60 |       ||   178

Table legend: (Time is in decaauts)
 A = Elapsed time spent in this place.
 B = Non-inter-level travel time spent in this place.
 C = Inter-level travel time spent in this place.
 D = Time resting spent in this place.
 E = Time spent auto-exploring this place.
 F = Levels seen in this place.
 G = Mean time per level.
                   A        B        C        D        E       F      G
               +--------+--------+--------+--------+--------+-----+--------+
         Total |  43758 |  41617 |   2141 |   4257 |  30111 |  33 | 1326.0 |
       Dungeon |  20316 |  18922 |   1394 |   2011 |  13362 |  15 | 1354.4 |
        Temple |      1 |      1 |      0 |      0 |      0 |   1 |    1.0 |
          Lair |   8010 |   7655 |    355 |    100 |   6490 |   5 | 1602.0 |
        Shoals |   6075 |   6003 |     72 |    793 |   4305 |   4 | 1518.8 |
   Spider Nest |   6629 |   6399 |    230 |    738 |   4613 |   4 | 1657.2 |
  Orcish Mines |   1794 |   1705 |     89 |    207 |   1174 |   2 |  897.0 |
       Ossuary |    358 |    358 |      0 |     47 |    125 |   1 |  358.0 |
       Volcano |    572 |    572 |      0 |    361 |     42 |   1 |  572.0 |
               +--------+--------+--------+--------+--------+-----+--------+

Top non-repeatable levels by time:
    D:13: 2407 daAuts
Spider:3: 2110 daAuts
    D:15: 2070 daAuts
    D:12: 2050 daAuts
  Lair:5: 1989 daAuts
Spider:4: 1946 daAuts
    D:10: 1812 daAuts
     D:3: 1764 daAuts
  Lair:2: 1764 daAuts
Shoals:1: 1678 daAuts
Shoals:4: 1567 daAuts
Spider:1: 1509 daAuts
  Lair:1: 1464 daAuts
  Lair:4: 1446 daAuts
Shoals:3: 1414 daAuts
